 Dungeon Crawl Stone Soup version 0.23.1 (webtiles) character file.

Game seed: 4185416339563495540

2708 nikopol the Cleaver (level 9, -4/120 HPs)
             Began as a Minotaur Berserker on Mar 5, 2019.
             Was a High Priest of Trog.
             Slain by an orc knight
             ... wielding a +0 halberd
              (16 damage)
             ... in a bailey.
             The game lasted 00:13:35 (5841 turns).

nikopol the Cleaver (Minotaur Berserker)            Turns: 5841, Time: 00:13:36

Health: -4/120     AC:  8    Str: 31    XL:     9   Next: 39%
Magic:  8/8        EV: 14    Int:  4    God:    Trog [*****.]
Gold:   434        SH:  0    Dex:  9    Spells: 8/8 levels left

rFire    + . .     SeeInvis .   a - +3 hand axe
rCold    + . .     Gourm    +   (no shield)
rNeg     . . .     Faith    .   n - +1 scale mail
rPois    +         Spirit   .   (helmet restricted)
rElec    .         Reflect  .   K - scarf {rC+ rF+}
rCorr    .         Harm     .   (no gloves)
MR       .....                  (no boots)
Stlth    ..........             y - amulet of the gourmand
HPRegen  0.30/turn              B - ring of poison resistance
MPRegen  0.11/turn              v - +2 ring of evasion

@: berserking, very quick
A: retaliatory headbutt, horns 2
a: Berserk, Trog's Hand, Brothers in Arms, Renounce Religion


You were in a bailey.
You worshipped Trog.
Trog was extremely pleased with you.
You were very full.

You visited 1 branch of the dungeon, and saw 7 of its levels.
You also visited: Ossuary and Bailey.

You collected 434 gold pieces.

Inventory:

Hand Weapons
 a - a +3 hand axe (weapon)
 z - a +0 hand crossbow
 M - a +1 hand axe
Missiles
 b - 34 bolts
Armour
 n - a +1 scale mail (worn)
 K - a scarf of resistance (worn)
Jewellery
 d - an uncursed ring of stealth
 l - an uncursed amulet of rage {unknown}
 s - an uncursed ring of see invisible
 v - a +2 ring of evasion (right hand)
 y - an amulet of the gourmand (around neck)
 B - a ring of poison resistance (left hand)
Wands
 I - a wand of acid (18)
Scrolls
 f - 6 scrolls of teleportation
 h - 4 scrolls of enchant armour
 i - 3 scrolls of remove curse
 k - 2 scrolls of magic mapping
 p - 5 scrolls of fog {unknown}
 u - 2 scrolls of fear {unknown}
 w - 4 scrolls of blinking {unknown}
 E - a scroll of amnesia {unknown}
 H - 5 scrolls of enchant weapon
 L - 2 scrolls of acquirement {unknown}
Potions
 e - a potion of ambrosia {unknown}
 g - 8 potions of curing
 j - 3 potions of invisibility
 o - 2 potions of agility
 q - a potion of berserk rage {unknown}
 r - a potion of brilliance {unknown}
 t - 3 potions of haste
 x - a potion of mutation {unknown}
 A - 2 potions of lignification {unknown}
 C - 2 potions of resistance {unknown}
 D - a potion of cancellation {unknown}
 F - 3 potions of might {unknown}
 G - 6 potions of heal wounds
 J - 2 potions of magic {unknown}
Comestibles
 c - 11 rations


   Skills:
 + Level 7.6 Fighting
 * Level 11.0 Axes
 * Level 4.1 Crossbows
 + Level 6.5 Armour
 + Level 4.2 Dodging
 + Level 1.1 Stealth


You had 8 spell levels left.
You didn't know any spells.
Your spell library was empty.

Dungeon Overview and Level Annotations

Branches:
Dungeon (7/15)             Temple (0/1) D:4

Altars:
Kikubaaqudgha


Innate Abilities, Weirdness & Mutations

You reflexively headbutt those who attack you in melee.
You have a pair of horns on your head.


Message History

The orc knight roars a battlecry!
The orc knight goes into a battle-frenzy!
You slash the orc knight! Your headbutt misses the orc knight.
The orc knight is moderately wounded.
You slash the orc knight!
Your scale mail prevents you from hitting the orc knight.
Your headbutt misses the orc knight.
The orc knight is moderately wounded.
You hit the orc knight.
The orc knight hits you with a +0 glaive.
* * * LOW HITPOINT WARNING * * *
The orc knight closely misses you.
You slice the orc knight!! Your headbutt misses the orc knight.
The orc knight is heavily wounded.
You hit the orc knight. You slash the orc knight! You headbutt the orc knight!
The orc knight is almost dead.
You barely miss the orc knight.
The orc knight hits you with a +0 halberd!
You die...

#### ####### ####### ...##
##.....#########.....###
....######.......#.....#.......'.
.)..#....#.).....'...(.'.......'.
))))))...)))))..@'.(...'.......'.
.)..#....#......oo.....'.......'.
.)).######.......#.....#.......'.
...## ##.....#########.....###
#### ####### #######


You could see 2 orc knights.

Vanquished Creatures
  5 orc warriors (Bailey)
  3 ice beasts
  2 sky beasts
  2 phantoms
  2 ogres
  A big kobold (D:4)
  3 elf zombies (Ossuary)
  A bullfrog (D:6)
  A scorpion (D:6)
  2 vampire bats (D:5)
  2 crimson imps
  2 centaur zombies (Ossuary)
  7 human zombies (Ossuary)
  A jelly (D:7)
  3 hounds
  2 orc priests (D:7)
  2 iguanas (D:4)
  A worker ant (D:6)
  2 hound skeletons (D:5)
  3 mummies (Ossuary)
  A worker ant zombie (D:6)
  7 gnolls
  6 adders
  A shadow imp (D:5)
  3 oozes
  An adder skeleton (D:6)
  2 worms
  A dart slug (D:1)
  3 leopard geckos
  41 orcs
  2 bat skeletons (D:5)
  2 bat zombies (D:5)
  3 giant cockroaches
  7 goblins
  7 hobgoblins
  4 jackals (D:5)
  2 quokkas
  8 bats
  8 frilled lizards
  A jackal zombie (D:6)
  2 kobolds
  A leopard gecko zombie (D:2)
  8 rats
168 creatures vanquished.

Notes
Turn   | Place    | Note
-------+----------+-------------------------------------------
     0 | D:1      | nikopol the Minotaur Berserker began the quest for the Orb.
     0 | D:1      | Reached XP level 1. HP: 19/19 MP: 0/0
    52 | D:1      | Reached skill level 4 in Axes
    52 | D:1      | Reached XP level 2. HP: 18/27 MP: 1/1
   548 | D:2      | Reached ** piety under Trog
   572 | D:2      | Reached XP level 3. HP: 30/33 MP: 2/2
  1074 | D:2      | You fall through a shaft!
  1201 | D:3      | Reached skill level 5 in Axes
  1201 | D:3      | Reached XP level 4. HP: 37/41 MP: 1/3
  1812 | D:4      | Noticed a big kobold
  1821 | D:4      | Killed a big kobold
  1821 | D:4      | Reached XP level 5. HP: 38/47 MP: 4/4
  1891 | D:4      | Noticed a phantom
  1899 | D:4      | Reached skill level 6 in Axes
  1915 | D:4      | HP: 3/70 [phantom (3)]
  2231 | D:4      | Killed a phantom
  2231 | D:4      | Reached skill level 5 in Fighting
  2231 | D:4      | Reached XP level 6. HP: 42/56 MP: 2/5
  2288 | D:4      | Found a staircase to the Ecumenical Temple.
  2394 | D:4      | Reached skill level 7 in Axes
  2494 | D:4      | Reached *** piety under Trog
  2702 | D:5      | Entered Level 5 of the Dungeon
  2702 | D:5      | Noticed an ice beast
  2710 | D:5      | Killed an ice beast
  2710 | D:5      | Reached XP level 7. HP: 51/61 MP: 6/6
  2771 | D:5      | Found a sand-covered staircase.
  2780 | Ossuary  | Entered an ossuary
  2810 | Ossuary  | Reached skill level 8 in Axes
  2947 | Ossuary  | Reached skill level 5 in Armour
  2984 | Ossuary  | Reached XP level 8. HP: 59/70 MP: 4/7
  3005 | Ossuary  | Reached skill level 9 in Axes
  3359 | D:5      | Reached skill level 1 in Stealth
  3601 | D:5      | Found an ancient bone altar of Kikubaaqudgha.
  3657 | D:5      | Reached **** piety under Trog
  4071 | D:6      | Reached skill level 10 in Axes
  4508 | D:6      | Reached skill level 1 in Crossbows
  4652 | D:6      | Reached XP level 9. HP: 75/79 MP: 8/8
  4917 | D:7      | Found a flagged portal.
  4938 | Bailey   | Entered a bailey
  5376 | Bailey   | Reached ***** piety under Trog
  5490 | Bailey   | Reached skill level 11 in Axes
  5814 | Bailey   | Noticed an orc knight
  5814 | Bailey   | Noticed an orc knight
  5841 | Bailey   | Slain by an orc knight

Skill      XL: |  1  2  3  4  5  6  7  8  9 |
---------------+----------------------------+-----
Axes           | 4 5 6 7 8 10 11 | 11.0
Fighting       | 4 5 6 7 |  7.6
Armour         | 3 4 5 6 |  6.5
Dodging        | 3 4 |  4.2
Stealth        | 1 |  1.1
Crossbows      | 1 4 |  4.1

Action                   |  1- 3 |  4- 6 |  7- 9 || total
-------------------------+-------+-------+-------++-------
Melee: Hand axe          |    81 |    98 |   296 ||   475
       Headbutt          |    10 |    18 |    72 ||   100
 Fire: Hand crossbow     |       |       |    54 ||    54
Invok: Berserk           |       |     1 |     3 ||     4
  Use: Scroll            |       |     2 |    10 ||    12
  Eat: Chunk             |       |    14 |    16 ||    30
       Ration            |       |     1 |       ||     1
Armor: Animal skin       |    15 |       |       ||    15
       Scale mail        |     7 |    24 |    74 ||   105
Dodge: Dodged            |    46 |    48 |   183 ||   277
